Map: Overgrowth LE (Void)

Players

TYTY (TY) - Winner!

  • Race: Terran Terran
  • League: Diamond
  • Spawn Location: 7:00

Maru

  • Race: Terran Terran
  • League: Diamond
  • Spawn Location: 1:00

Event: WESG 2016 Finals

VOD

Have the link to the VOD?

Description

Time

  • Played on: Jan. 15, 2017, 8:01 p.m.
  • Length: 11:19

All games in this series

Show
View Real Time Build Order
Export as new Build Order

TYTY Terran - Winner!

Build Orders: Cyclone Opening, Reaper Expand, Bio Tank 

Get SALT Encoding   

  12  0:00  SCV  
  13  0:12  SCV  
  14  0:17  Supply Depot  
  14  0:24  SCV  
  15  0:29  Refinery  
  15  0:39  SCV  
  16  0:44  Barracks  
  16  0:51  SCV  
  17  1:03  SCV  
  18  1:15  SCV  
  19  1:30  Orbital Command  
  19  1:31  Reaper  
  20  1:44  Command Center  
  20  1:54  Factory  
  20  1:57  SCV  
  21  2:03  Refinery  
  21  2:07  Barracks Reactor  
  21  2:10  SCV  
  22  2:16  Supply Depot  
  22  2:22  SCV  
  23  2:36  SCV  
  23  2:38  Cyclone  
  23  2:43  Marine x2  
  28  2:48  SCV  
  29  3:01  Marine x2  
  29  3:03  Starport  
  31  3:11  SCV  
  31  3:12  Orbital Command  
  32  3:16  Factory Tech Lab  
  32  3:20  Marine x2  
  32  3:23  SCV  
  35  3:37  Widow Mine  
  35  3:39  Marine  
  35  3:40  SCV  
  35  3:41  Viking  
  41  3:42  SCV  
  41  3:45  Marine  
  41  3:48  Supply Depot  
  42  3:52  SCV  
  42  3:54  SCV  
  44  4:02  Marine x2  
  45  4:09  Supply Depot  
  50  4:10  Siege Tank, SCV  
  50  4:16  SCV  
  51  4:22  SCV  
  52  4:25  Supply Depot  
  52  4:29  SCV  
  52  4:30  Refinery  
  53  4:34  Medivac, SCV  
  53  4:35  Medivac  
  53  4:36  Barracks Tech Lab  
  58  4:41  SCV  
  59  4:46  SCV  
  59  4:47  Siege Tank  
  63  4:52  Supply Depot  
  63  4:53  SCV  
  63  4:54  Marine  
  63  4:58  SCV  
  66  5:03  Barracks  
  66  5:04  Barracks  
  66  5:05  SCV  
  66  5:06  Supply Depot  
  67  5:10  Stimpack, SCV  
  67  5:12  Marine  
  67  5:17  SCV  
  68  5:21  Starport Reactor  
  68  5:22  SCV  
  69  5:30  Marine, SCV  
  69  5:33  Siege Tank  
  74  5:37  Engineering Bay, Supply Depot  
  74  5:39  SCV  
  74  5:42  SCV  
  76  5:45  Barracks  
  76  5:46  Barracks  
  76  5:50  Supply Depot  
  76  5:57  Barracks Reactor  
  76  6:00  SCV x2  
  76  6:01  Marine  
  79  6:04  Starport Reactor  
  79  6:05  Marine x2, Refinery  
  79  6:06  Siege Tank  
  80  6:17  Missile Turret  
  81  6:18  Marine  
  81  6:19  Marine, Terran Infantry Weapons Level 1  
  80  6:28  Missile Turret  
  79  6:33  Barracks Reactor x2  
  79  6:35  Marine x3  
  84  6:45  SCV x2  
  87  6:47  Marine x2  
  87  6:49  Medivac x2  
  87  6:52  Marine  
  91  6:56  Marine x2  
  93  7:07  Marine  
  93  7:08  Marine  
  83  7:10  Siege Tank  
  83  7:11  Marine x3  
  83  7:12  Marine x2  
  83  7:13  Marine  
  83  7:14  Combat Shields  
  89  7:18  Marine  
  90  7:25  Marine x2  
  90  7:29  Marine x4, SCV x2  
  96  7:35  Medivac x2  
  102  7:44  Marine  
  102  7:45  Supply Depot  
  102  7:46  Supply Depot  
  102  7:51  Marine  
  102  8:01  Siege Tank  
  102  8:07  Marine x7  
  98  8:14  Marine x2  
  98  8:19  Terran Infantry Armor Level 1  
  97  8:20  Medivac x2  
  97  8:24  Marine x2  
  97  8:25  Marine x4  
  107  8:28  Marine  
  107  8:31  Marine  
  107  8:32  Marine  
  109  8:42  Marine x3  
  109  8:44  Marine  
  109  8:45  Marine x2  
  109  8:46  Marine  
  112  8:49  Siege Tank  
  112  8:51  Medivac  
  117  8:58  Marine  
  118  9:06  Marine x2  
  118  9:07  Marine  
  118  9:12  Supply Depot  
  118  9:13  Supply Depot  
  118  9:23  Command Center, Missile Turret  
  118  9:33  Marine x6  
  118  9:34  Medivac, Marine x3  
  129  9:51  Marine x3  
  104  10:00  Marine  
  104  10:01  Marine  
  104  10:02  Siege Tank  
  104  10:05  SCV  
  109  10:11  Marine x2  
  109  10:14  Marine  
  110  10:17  Marine  
  110  10:18  Marine  
  110  10:19  Marine  
  108  10:23  SCV  
  108  10:25  Supply Depot  
  106  10:29  Marine x2  
  106  10:35  SCV  
  106  10:57  SCV  
  100  10:59  Marine  
  100  11:01  Marine  
Show
View Real Time Build Order
Export as new Build Order

Maru Terran 

Build Orders: 1/1/1, Cyclone Opening, Bio Tank 

Get SALT Encoding   

  12  0:00  SCV  
  13  0:12  SCV  
  14  0:16  Supply Depot  
  14  0:24  SCV  
  14  0:27  Refinery  
  15  0:38  SCV  
  16  0:43  Barracks  
  16  0:50  SCV  
  16  0:53  Refinery  
  17  1:02  SCV  
  18  1:14  SCV  
  19  1:29  Orbital Command, Reaper  
  20  1:34  Factory  
  20  1:45  Supply Depot  
  20  1:55  SCV  
  21  2:01  Reaper  
  21  2:07  SCV  
  23  2:17  Cyclone  
  23  2:19  SCV  
  23  2:21  Starport  
  27  2:25  Supply Depot  
  27  2:31  SCV  
  28  2:40  Barracks Tech Lab  
  28  2:43  SCV  
  28  2:50  Hellion  
  30  3:00  SCV  
  30  3:04  Raven  
  33  3:11  Command Center  
  33  3:15  Barracks Reactor  
  33  3:17  SCV  
  33  3:19  Factory Tech Lab  
  34  3:24  Supply Depot  
  33  3:38  SCV  
  37  3:50  SCV  
  37  3:54  Marine x2  
  39  4:02  SCV  
  40  4:03  Siege Tank  
  43  4:14  SCV  
  43  4:15  Raven  
  44  4:20  Marine x2  
  44  4:23  Orbital Command  
  45  4:26  SCV  
  46  4:34  Refinery  
  46  4:38  Siege Tank, SCV  
  46  4:45  Barracks  
  50  4:49  Barracks, SCV  
  50  4:50  SCV  
  52  4:55  Engineering Bay  
  52  5:01  SCV  
  52  5:03  SCV  
  52  5:05  Marine  
  52  5:06  Stimpack  
  55  5:12  Starport Reactor  
  55  5:13  SCV  
  56  5:16  SCV  
  56  5:20  Siege Tank  
  60  5:21  Supply Depot  
  60  5:27  SCV  
  61  5:30  Supply Depot  
  61  5:32  Terran Infantry Weapons Level 1  
  61  5:33  SCV  
  62  5:40  Supply Depot  
  62  5:43  Marine x3, SCV  
  62  5:47  SCV  
  62  5:48  Supply Depot  
  67  5:54  Marine  
  67  5:55  SCV, Starport Reactor  
  68  5:59  SCV  
  68  6:02  Marine  
  69  6:06  Siege Tank, Marine  
  69  6:07  Marine x2  
  69  6:10  SCV  
  75  6:20  Marine x2  
  75  6:24  Marine  
  78  6:25  SCV x2  
  78  6:30  Marine x2  
  78  6:31  Medivac  
  83  6:35  Medivac  
  83  6:37  SCV  
  83  6:38  Marine x2  
  88  6:44  Marine  
  89  6:48  Marine x2  
  89  6:49  SCV  
  92  6:56  Marine x2  
  82  7:08  Marine x2  
  82  7:10  Marine  
  82  7:11  SCV  
  82  7:12  SCV  
  82  7:13  Marine  
  82  7:15  Siege Tank  
  87  7:17  Medivac x2  
  87  7:22  Supply Depot  
  91  7:23  SCV  
  91  7:28  SCV  
  91  7:29  Marine, Refinery  
  94  7:34  Terran Infantry Armor Level 1  
  94  7:43  Marine  
  94  7:44  SCV x2  
  97  7:48  Supply Depot, Marine x3  
  100  7:51  Medivac  
  102  8:04  Barracks Tech Lab  
  95  8:12  Marine x2  
  86  8:13  Marine x2  
  86  8:14  SCV  
  86  8:15  Medivac  
  86  8:17  SCV  
  94  8:21  Factory Tech Lab  
  94  8:22  Combat Shields  
  94  8:25  Marine  
  94  8:26  SCV  
  96  8:29  SCV  
  96  8:30  Marine x2  
  96  8:31  Marine  
  100  8:34  Supply Depot  
  100  8:35  Supply Depot  
  100  8:38  SCV  
  99  8:44  Marine  
  99  8:45  Marine  
  99  8:48  Marine  
  100  8:56  Marine x2  
  100  8:58  Siege Tank  
  100  9:00  Medivac x2  
  100  9:01  Marine  
  110  9:03  Marine  
  109  9:10  Marine  
  109  9:15  Missile Turret  
  110  9:18  Marine x2  
  110  9:21  Marine  
  110  9:23  Marine  
  114  9:28  Marine  
  114  9:29  Supply Depot  
  115  9:34  Siege Tank  
  118  9:45  Supply Depot  
  118  9:47  Marine x5  
  97  10:00  Medivac x2  
  97  10:04  SCV  
  97  10:05  Marine x5  
  97  10:06  Siege Tank  
  105  10:22  Marine  
  105  10:23  Marine x4  
  106  10:56  Supply Depot  
Tags
 
Add a new tag
Caveats
  • Supply blocks, unpowered buildings, or Contaminate may cause inaccurate times.
  • Supply counts are checked every 10 seconds.